[Event "Orbis-2 GM 2018"]
[Site "Paracin"]
[Date "2018.12.06"]
[Round "5"]
[White "Kosic, Dragan"]
[Black "Gukesh D"]
[Result "1/2-1/2"]
[ECO "E92"]
[WhiteElo "2488"]
[BlackElo "2466"]
[Annotator "RC"]
[PlyCount "28"]
[EventDate "2018.12.03"]
[EventType "tourn"]
[EventCountry "SRB"]
[SourceTitle "playchess.com"]
[Source "ChessBase"]
[SourceQuality "1"]
[TimeControl "40/5400+30:1800+30"]

1. d4 Nf6 2. c4 g6 3. Nc3 Bg7 4. e4 d6 5. Nf3 O-O 6. Be2 e5 7. Be3 exd4 8. Nxd4 Re8 9. f3 c6 10. Bf2 d5 11. exd5 cxd5 12. O-O Nc6 13. c5 Nh5 14. Qd2 Be5 1/2-1/2